 Dungeon Crawl Stone Soup version 0.31.0-11-ge490571c62 (webtiles) character file.

Game seed: 4362818981240891138

4 Maffolandro the Charlatan (level 1, -2/15 HPs)
             Began as a Human Wanderer on Jan 28, 2024.
             Frozen to death by an endoplasm (5 damage)
             ... on level 1 of the Dungeon.
             The game lasted 00:02:03 (84 turns).

Maffolandro the Charlatan (Human Wanderer)            Turns: 84, Time: 00:02:03

Health: -2/15      AC:  3    Str: 12    XL:     1   Next: 70%
Magic:  2/2        EV: 10    Int: 11    God:
Gold:   18         SH:  4    Dex: 13    Spells: 2/2 levels left

rFire   . . .        a - +0 dagger
rCold   . . .        b - +0 buckler
rNeg    . . .        d - +0 leather armour
rPois   .            (no helmet)
rElec   .            (no cloak)
rCorr   .            (no gloves)
SInv    .            (no boots)
Will    .....        (no amulet)
Stlth   +            (no ring)
HPRegen 0.22/turn    (no ring)
MPRegen 0.08/turn

%: no passive effects
@: no status effects
A: explore regen
a: no special abilities


You were on level 1 of the Dungeon.
You visited 1 branch of the dungeon, and saw 1 of its levels.

You collected 18 gold pieces.

Inventory:

Hand Weapons
 a - a +0 dagger (weapon)
Armour
 b - a +0 buckler (worn)
 d - a +0 leather armour (worn)
Wands
 e - a wand of mindburst (10) (quivered)
Potions
 c - a potion of invisibility


   Skills:
 - Level 1.0 Fighting
 - Level 2.0 Shields
 - Level 1.0 Spellcasting
 * Level 2.4 Alchemy
 - Level 4.0 Evocations


You had 2 spell levels left.
You didn't know any spells.
Your spell library contained the following spells:

 Spells                   Type           Power      Damage    Failure   Level
 Mercury Vapours          Alch/Air       6%         N/A       50%         2
 Cigotuvi's Dreadful Rot  Necr/Alch/Air  4%         N/A       54%         2


Dungeon Overview and Level Annotations

Branches:
Dungeon (1/15)

Altars:


Innate Abilities, Weirdness & Mutations

You regain HP and MP as you explore.


Message History

You kill the bat!
No target in view!
No target in view!
You now have 18 gold pieces.
Found an escape hatch in the floor.
A kobold and an endoplasm come into view.
The kobold shouts!
The endoplasm quivers.
The kobold throws a stone.
The stone misses you.
Found a stone staircase leading down.
You hit the kobold but do no damage. You block the kobold's attack.
You barely miss the kobold. The kobold hits you with a +0 whip.
You hit the kobold but do no damage. The kobold hits you with a +0 whip.
You miss the kobold. The kobold hits you but does no damage.
You hit the kobold.
The kobold is moderately wounded.
The kobold hits you with a +0 whip.
* * * LOW HITPOINT WARNING * * *
You hit the kobold.
The kobold is severely wounded.
You block the kobold's attack.
You closely miss the kobold.
The kobold is severely wounded.
You block the kobold's attack.
You hit the kobold.
You kill the kobold!
You barely miss the endoplasm. The endoplasm freezes you.
You are frozen.
* * * LOW HITPOINT WARNING * * *
You barely miss the endoplasm.
The endoplasm hits you but does no damage.
You hit the endoplasm.
The endoplasm is lightly wounded.
The endoplasm hits you but does no damage.
You hit the endoplasm.
The endoplasm is severely wounded.
The endoplasm freezes you.
You are frozen.
You die...

####.#######
##......#
#.....#.#
##..#.#.###.####
...............>.
###..#...###.####
#..#...........
##.>#..####.####
........@J....#
###.....##.#.##
......... ..
#.##....# .# .
...#..# #
.##.#..# ..#... #
#..


You could see an endoplasm.

Vanquished Creatures
  A dart slug (D:1)
  A bat (D:1)
  A kobold (D:1)
3 creatures vanquished.

Notes
Turn   | Place    | Note
-------+----------+-------------------------------------------
     0 | D:1      | Maffolandro the Human Wanderer began the quest for the Orb.
     0 | D:1      | Maffolandro set off with the following items: a +0 dagger,
                  | a +0 buckler, a potion of invisibility, a +0 leather
                  | armour, a wand of mindburst (10); and the following spells
                  | available to memorise: Mercury Vapours, Cigotuvi's Dreadful
                  | Rot.
     0 | D:1      | Reached XP level 1. HP: 15/15 MP: 2/2
    84 | D:1      | Frozen to death by an endoplasm

Illustrated notes

Levels and vault maps discovered:
D:1:      evilmike_arrival_home_sweet_home, layout_basic,
          ebering_dispersal_statue_hall

Action                     || total
---------------------------++-------
  Melee: Dagger            ||    23
 Armour: Leather armour    ||     9
  Dodge: Dodged            ||     4
  Block: Buckler           ||     6
